 Dungeon Crawl Stone Soup version 0.28-a0-909-g796cbd3a86 (webtiles) character file.

Game seed: 13868454234892891512

50 ragingrage the Chopper (level 3, 0/28 HPs)
             Began as a Palentonga Warper on Nov 24, 2021.
             Slain by an adder (1 damage)
             ... on level 2 of the Dungeon.
             The game lasted 00:01:37 (2008 turns).

ragingrage the Chopper (Palentonga Warper)          Turns: 2008, Time: 00:01:38

Health: 0/28       AC:  6    Str: 14    XL:     3   Next: 55%
Magic:  6/6        EV:  8    Int: 13    God:
Gold:   67         SH:  0    Dex: 10    Spells: 4/6 levels left

rFire   + . .      SeeInvis +   a - +0 hand axe
rCold   . . .      Faith    .   (no shield)
rNeg    . . .      Spirit   .   h - +1 ring mail {rF+}
rPois   .          Reflect  .   (no helmet)
rElec   .          Harm     .   (no cloak)
rCorr   .          Rampage  .   (no gloves)
Will    .....                   (no barding)
Stlth   ..........              (no amulet)
HPRegen 0.09/turn               (no ring)
MPRegen 0.10/turn               (no ring)

@: lethally poisoned (0 -> -4)
A: large, rugged brown scales 3, see invisible, deformed body, roll 1, armoured
tail
a: Rolling Charge


You were on level 2 of the Dungeon.
You visited 1 branch of the dungeon, and saw 2 of its levels.

You collected 67 gold pieces.

Inventory:

Hand Weapons
 a - a +0 hand axe (weapon)
Missiles
 d - 5 boomerangs of dispersal (quivered)
Armour
 h - a +1 ring mail of fire resistance (worn)
Scrolls
 b - a scroll of amnesia {unknown}
 c - a scroll of blinking
 e - 2 scrolls of identify {unknown}
 g - a scroll of fog {unknown}


   Skills:
 - Level 2.0 Fighting
 * Level 4.0 Axes
 - Level 0.6 Throwing
 - Level 0.7 Armour
 - Level 1.5 Dodging
 - Level 2.0 Spellcasting
 - Level 3.0 Translocations


You had 4 spell levels left.
You knew the following spells:

 Your Spells              Type           Power      Damage    Failure   Level
a - Blink                 Tloc           18%        N/A       22%         2

Your spell library contained the following spells:

 Spells                   Type           Power      Damage    Failure   Level
 Gell's Gravitas          Tloc           9%         N/A       41%         3
 Lesser Beckoning         Tloc           9%         N/A       41%         3
 Teleport Other           Tloc           9%         N/A       41%         3
 Manifold Assault         Tloc           9%         N/A       99%         5
 Dispersal                Tloc           4%         N/A       100%        6


Dungeon Overview and Level Annotations

Branches:
Dungeon (2/15)

Altars:

Annotations:
D:2 Terence


Innate Abilities, Weirdness & Mutations

You are completely covered in rugged brown scales. (AC +3, +7% HP)
You have supernaturally acute eyesight. (SInv)
Armour fits poorly on your strangely shaped body.
You can roll at nearby foes to attack.
You have a long armoured tail.


Message History

You miss the adder. You closely miss the hobgoblin. The adder bites you.
The hobgoblin barely misses you.
You closely miss the adder. You hit the hobgoblin. The adder barely misses you.
The hobgoblin hits you. The adder barely misses you.
You hit the hobgoblin.
Your tail-slap misses the hobgoblin.
The hobgoblin is almost dead.
You hit the adder. The adder bites you.
You are poisoned.
The adder poisons you! The hobgoblin hits you.
You hit the hobgoblin but do no damage.
The hobgoblin is almost dead.
You miss the adder.
You feel sick. The adder bites you. The hobgoblin closely misses you.
The adder bites you.
You are too injured to fight recklessly!
You are too injured to fight recklessly!
You are too injured to fight recklessly!
You are too injured to fight recklessly!
You are too injured to fight recklessly!
You are too injured to fight recklessly!
You are too injured to fight recklessly!
You are too injured to fight recklessly!
You are too injured to fight recklessly!
You are too injured to fight recklessly!
A giant cockroach comes into view.
You feel sick.
Okay, then.
You feel sick. The adder bites you.
* * * LOW HITPOINT WARNING * * *
You feel sick.
You are no longer poisoned.
The giant cockroach barely misses you. The adder bites you.
* * * LOW HITPOINT WARNING * * *
You are lethally poisoned!
The adder poisons you!
It was a potion of cancellation.
You feel magically purged.
* * * LOW HITPOINT WARNING * * *
You feel sick.
The giant cockroach bites you but does no damage.
The adder bites you.
You die...

..
..#.............#
................#
.................#
.....#...........#
#...##...........+
+...##...........#
...........#.[...#
...........#######
...$...@S..#....###
.....#B.g..#......#
.....#....≈#.......
.... #..≈..≈.......
#.≈..?≈.......
...≈≈≈≈≈≈≈......
##..............
................
.................


You could see an adder, a giant cockroach and a hobgoblin.

Vanquished Creatures
  2 adders
  A dart slug (D:2)
  7 endoplasms
  3 giant cockroaches
  6 goblins
  A hobgoblin (D:1)
  3 ball pythons
  A bat (D:1)
  3 frilled lizards (D:1)
  A kobold (D:1)
28 creatures vanquished.

Notes
Turn   | Place    | Note
-------+----------+-------------------------------------------
     0 | D:1      | ragingrage the Palentonga Warper began the quest for the
                  | Orb.
     0 | D:1      | Reached XP level 1. HP: 17/17 MP: 3/3
   492 | D:1      | Reached XP level 2. HP: 23/23 MP: 5/5
   603 | D:1      | Learned a level 2 spell: Blink
   692 | D:1      | Reached skill level 3 in Axes
  1357 | D:2      | Noticed Terence
  1380 | D:1      | Reached XP level 3. HP: 10/28 MP: 6/6
  1853 | D:2      | Reached skill level 4 in Axes
  2007 | D:2      | HP: 1/28 [adder (2)]
  2008 | D:2      | Slain by an adder

Illustrated notes

Levels and vault maps discovered:
D:1:      tarquinn_simple_flora_water_d, layout_basic
D:2:      minmay_roachtagon, layout_basic, hangedman_abyss_or_decor_stabs,
          chequers_serial_rivers_micro_e, minmay_lizard_pond, uniq_terence

Skill      XL: |  1  2  3 |
---------------+----------+-----
Axes           | 3 4 |  4.0
Fighting       | |  2.0
Throwing       | |  0.6
Armour         | |  0.7
Dodging        | |  1.5
Spellcasting   | |  2.0
Translocations | |  3.0

Action                   || total
-------------------------++-------
Melee: Hand axe          ||    93
       Tailslap          ||     8
 Abil: Rolling Charge    ||     1
  Use: Potion            ||     1
Armor: Leather armour    ||    36
       Ring mail         ||     2
Dodge: Dodged            ||    51

Table legend: (Time is in decaauts)
 A = Elapsed time spent in this place.
 B = Non-inter-level travel time spent in this place.
 C = Inter-level travel time spent in this place.
 D = Time resting spent in this place.
 E = Time spent auto-exploring this place.
 F = Levels seen in this place.
 G = Mean time per level.
                   A        B        C        D        E       F      G
               +--------+--------+--------+--------+--------+-----+--------+
         Total |   2028 |   1929 |     99 |    497 |   1138 |   2 | 1014.0 |
       Dungeon |   2028 |   1929 |     99 |    497 |   1138 |   2 | 1014.0 |
               +--------+--------+--------+--------+--------+-----+--------+

Top non-repeatable levels by time:
     D:1: 1599 daAuts
     D:2: 428 daAuts
